 Dungeon Crawl Stone Soup version 0.27.0-1-g7a089689b8 (webtiles) character file.

Game seed: 16187980385501051172

64 PentaManta the Ruffian (level 3, -1/36 HPs)
             Began as a Troll Abyssal Knight on Aug 16, 2021.
             Was a Believer of Lugonu.
             Slain by a hobgoblin (5 damage)
             ... on level 1 of the Dungeon.
             The game lasted 00:02:14 (1134 turns).

PentaManta the Ruffian (Troll Abyssal Knight)       Turns: 1134, Time: 00:02:14

Health: -1/36      AC:  4    Str: 20    XL:     3   Next: 91%
Magic:  3/3        EV:  9    Int:  9    God:    Lugonu [**....]
Gold:   85         SH:  0    Dex:  9    Spells: 2/2 levels left

rFire    . . .     SeeInvis .     - Unarmed
rCold    . . .     Faith    .   (no shield)
rNeg     . . .     Spirit   .   a - +0 robe
rPois    .         Reflect  .   (helmet restricted)
rElec    .         Harm     .   (no cloak)
rCorr    .         Rampage  .   (gloves unavailable)
Will     .....                  (boots unavailable)
Stlth    +.........             (no amulet)
HPRegen  1.12/turn              (no ring)
MPRegen  0.08/turn              (no ring)

@: lethally poisoned (-1 -> -3)
A: large, unfitting armour, claws 3, regeneration 1, shaggy fur 1, tough skin 1
a: Renounce Religion, Depart the Abyss, Bend Space


You were on level 1 of the Dungeon.
You worshipped Lugonu.
Lugonu was pleased with you.
You visited 1 branch of the dungeon, and saw 2 of its levels.
You visited the Abyss 1 time.

You collected 85 gold pieces.

Inventory:

Missiles
 c - 31 poisoned darts (quivered)
Armour
 a - a +0 robe (worn)
 d - a +0 tower shield
Scrolls
 b - a scroll of teleportation {unknown}
 e - 2 scrolls of identify {unknown}
 g - a scroll of fog {unknown}
 h - a scroll of amnesia {unknown}
Potions
 f - a potion of ambrosia {unknown}


   Skills:
 - Level 2.4 Fighting
 - Level 1.9 Dodging
 + Level 1.5 Shields
 + Level 3.6 Unarmed Combat
 - Level 1.5 Invocations


You had 2 spell levels left.
You didn't know any spells.
Your spell library contained the following spells:

 Spells                   Type           Power      Damage    Failure   Level
 Foxfire                  Conj/Fire      0%         2x1d4     38%         1
 Conjure Flame            Conj/Fire      0%         6-21      77%         3
 Inner Flame              Hex/Fire       0%         N/A       77%         3


Dungeon Overview and Level Annotations

Branches:
Dungeon (2/15)

Altars:

Annotations:
D:2 Robin


Innate Abilities, Weirdness & Mutations

You are too large for most types of armour.
You have claws for hands.
Your natural rate of healing is unusually fast.
You are covered in fur. (AC +1)
You have tough skin. (AC +1)


Message History

You kill the kobold!
Lugonu accepts your kill. The goblin hits you but does no damage.
You barely miss the goblin. The goblin hits you with a +0 club.
The goblin closely misses you.
You barely miss the goblin.
Robin roars a battlecry!
The goblins go into a battle-frenzy!
The goblin barely misses you.
You closely miss the goblin. The goblin hits you but does no damage.
The goblin hits you with a +0 club.
You closely miss the goblin.
A goblin comes into view. It is wielding a +0 club.
The goblin hits you with a +0 dagger. Robin throws the goblin at you!
The goblin hits you with a +0 club.
You barely miss the goblin.
The goblin shouts!
You claw the goblin.
You kill the goblin!
Lugonu accepts your kill.
Robin hits you from afar with a +4 spear of venom.
You are poisoned.
The goblin completely misses you. The hobgoblin hits you with a +0 whip!
You feel sick.
Robin hits you from afar with a +4 spear of venom.
* * * LOW HITPOINT WARNING * * *
You are more poisoned.
The goblin hits you with a +0 club.
* * * LOW HITPOINT WARNING * * *
The hobgoblin misses you.
You climb upwards.
* * * LOW HITPOINT WARNING * * *
You feel very sick.
There is a stone staircase leading down here.
Unknown command.
You claw the goblin!
You kill the goblin!
Lugonu accepts your kill.
You feel sick. The hobgoblin hits you with a +0 whip.
You die...

# #......##...##8###8#.#
# #....^.##...#### ###.#
####.###8...8# ##.#
###### #.# ##...## #..#
....># #.# #...# #.##
####.# #.####...## #.# .#
#.###...#8...8######.#
.###...######..g##......#
.8####.........)@#.######
.## #.......#...#.# .#
#..†....#...#.# .##
#.......#.....# .8#
#.......#.#...#
.#####.......#.....#
.##............##..#
)#####.........##..#
.⌠###.....#....##..#


You could see a hobgoblin (strong).

Vanquished Creatures
  2 adders (D:2)
  2 dart slugs (D:1)
  2 ball pythons
  2 endoplasms
  3 giant cockroaches
  5 hobgoblins
  5 kobolds
  A quokka (D:1)
  3 bats (D:1)
  9 goblins
  5 rats (D:1)
39 creatures vanquished.

Notes
Turn   | Place    | Note
-------+----------+-------------------------------------------
     0 | Abyss:1  | PentaManta the Troll Abyssal Knight began the quest for the
                  | Orb.
     0 | Abyss:1  | Reached XP level 1. HP: 22/22 MP: 1/1
    55 | D:1      | Escaped the Abyss
   210 | D:1      | Reached XP level 2. HP: 29/29 MP: 2/2
   418 | D:1      | Reached skill level 3 in Unarmed Combat
   586 | D:1      | Reached XP level 3. HP: 36/36 MP: 3/3
   871 | D:2      | Reached ** piety under Lugonu
   872 | D:2      | Reached skill level 1 in Shields
  1086 | D:2      | Noticed Robin
  1134 | D:1      | Slain by a hobgoblin

Illustrated notes

Levels and vault maps discovered:
D:1:      tarquinn_simple_flora_water_d, layout_rooms, serial_corexii_hall,
          corexii_hall_statues_l, chequers_hall_statues_y,
          chequers_hall_statues_wall_a, chequers_hall_statues_wall_a,
          corexii_hall_statues_l, corexii_hall_statues_x
D:2:      layout_loops_corners, basic_altar, minmay_circle_x, uniq_robin,
          uniq_crazy_yiuf_cottage

Skill      XL: |  1  2  3 |
---------------+----------+-----
Unarmed Combat | 3 |  3.6
Shields        | 1 |  1.5
Fighting       | |  2.4
Dodging        | |  1.9
Invocations    | |  1.5

Action                   || total
-------------------------++-------
Melee: Unarmed           ||   103
       Punch             ||     2
Armor: Robe              ||    44
Dodge: Dodged            ||    52
